 Dungeon Crawl Stone Soup version 0.30-a0-596-g0af90f9a20 (webtiles) character file.

Game seed: 17511962464694536363

9819 bmack86 the Fighter (level 11, 0/106 HPs)
             Began as a Minotaur Fighter on Jan 7, 2023.
             Was a High Priest of Okawaru.
             Killed from afar by Fannar (33 damage)
             ... with a bolt of cold
             ... on level 11 of the Dungeon.
             The game lasted 00:25:47 (8712 turns).

bmack86 the Fighter (Minotaur Fighter)              Turns: 8712, Time: 00:25:48

Health: 0/106      AC: 20    Str: 25    XL:     11   Next: 28%
Magic:  12/12      EV:  9    Int:  9    God:    Okawaru [*****.]
Gold:   603        SH: 15    Dex: 13    Spells: 10/10 levels left

rFire   + + .      SeeInvis .    z - +4 hand axe "Keenn" {spect, rElec rF++ Int+4 Dex+3}
rCold   . . .      Faith    .    j - +2 kite shield
rNeg    . . .      Spirit   .    u - +1 plate armour
rPois   .          Reflect  .    (helmet restricted)
rElec   +          Harm     .    v - scarf {repulsion}
rCorr   .          Rampage  .    b - +1 pair of gloves
Will    .....                    (no boots) Stlth
                                 (no amulet)
HPRegen 0.37/turn                (no ring)
MPRegen 0.13/turn                (no ring)

@: heroic, repel missiles
A: horns 2, retaliatory headbutt
a: Renounce Religion, Heroism, Finesse, Duel


You were on level 11 of the Dungeon.
You worshipped Okawaru.
Okawaru was extremely pleased with you.
You visited 2 branches of the dungeon, and saw 12 of its levels.

You collected 658 gold pieces.
You spent 55 gold pieces at shops.

Inventory:

Hand Weapons
 a - a +1 heavy war axe
 y - a +2 battleaxe
 z - the +4 hand axe "Keenn" (weapon) {spect, rElec rF++ Int+4 Dex+3}
   (You found it on level 6 of the Dungeon)

   Int:       It affects your intelligence (+4).
   Dex:       It affects your dexterity (+3).
   rF:        It greatly protects you from fire.
   rElec:     It insulates you from electricity.
 A - a +0 war axe of freezing
Missiles
 r - 29 poisoned darts (quivered)
 s - 4 boomerangs
 w - a throwing net
Armour
 b - a +1 pair of gloves (worn)
 c - a +0 buckler
 j - a +2 kite shield (worn)
 u - a +1 plate armour (worn)
 v - a scarf of repulsion (worn)
 K - a +0 tower shield
Jewellery
 e - an amulet of guardian spirit
 g - an amulet of reflection
 I - a ring of resist corrosion
Wands
 n - a wand of digging (8)
 p - a wand of quicksilver (10)
 H - a wand of flame (15)
Scrolls
 h - 6 scrolls of teleportation
 i - 4 scrolls of fog
 q - 3 scrolls of amnesia
 x - 2 scrolls of fear
 C - 3 scrolls of blinking
 D - 3 scrolls of enchant weapon
 F - a scroll of vulnerability
 J - 3 scrolls of enchant armour
Potions
 d - 2 potions of might
 f - 3 potions of lignification
 l - 4 potions of curing
 m - a potion of resistance
 o - a potion of haste
 t - a potion of magic
 B - a potion of flight


   Skills:
 * Level 12.8(17.8) Fighting
 * Level 12.6(17.6) Axes
 + Level 4.5(9.5) Throwing
 + Level 9.5(14.5) Armour
 + Level 9.5(14.5) Shields
 + Level 3.3 Invocations


You had 10 spell levels left.
You didn't know any spells.
Your spell library contained the following spells:

 Spells                   Type           Power      Damage    Failure   Level
 Apportation              Tloc           0%         N/A       99%         1
 Necrotise                Necr           0%         1d4       99%         1
 Blink                    Tloc           0%         N/A       100%        2
 Momentum Strike          Conj/Tloc      0%         3d8       100%        2
 Static Discharge         Conj/Air       0%         2-2/arc   100%        2
 Gell's Gravitas          Tloc           0%         N/A       100%        3
 Lesser Beckoning         Tloc           0%         N/A       100%        3
 Portal Projectile        Hex/Tloc       0%         N/A       100%        3
 Teleport Other           Tloc           0%         N/A       100%        3
 Vhi's Electric Charge    Tloc/Air       0%         N/A       100%        3
 Leda's Liquefaction      Hex/Erth       0%         N/A       100%        4
 Passage of Golubria      Tloc           0%         N/A       100%        4
 Alistair's Intoxication  Tmut/Pois      0%         N/A       100%        5
 Arcjolt                  Conj/Air       0%         1d10      100%        5
 Borgnjor's Vile Clutch   Necr/Erth      0%         N/A       100%        5
 Lightning Bolt           Conj/Air       0%         1d11      100%        5
 Silence                  Hex/Air        0%         N/A       100%        5
 Dispersal                Tloc           0%         N/A       100%        6
 Eringya's Noxious Bog    Tmut/Pois      0%         N/A       100%        6
 Lehudib's Crystal Spear  Conj/Erth      0%         10d2      100%        8
 Summon Small Mammal      Summ           Unusable   N/A       N/A         1
 Call Canine Familiar     Summ           Unusable   N/A       N/A         3
 Summon Guardian Golem    Hex/Summ       Unusable   N/A       N/A         3

Dungeon Overview and Level Annotations

Branches:
Dungeon (11/15)            Temple (1/1) D:4            Lair (0/5) D:11
    Orc: D:9-12

Altars:
Ashenzari
Cheibriados
Dithmenos
Elyvilon
Fedhas
Gozag
Hepliaklqana
Kikubaaqudgha
Makhleb
Nemelex Xobeh
Okawaru
Qazlal
Ru
Sif Muna
Trog
Uskayaw
Vehumet
Wu Jian
Xom
Yredelemnul
Zin
The Shining One

Shops:
D:2 !   D:9 *   D:10 =

Portals:
Trove: D:10 (give 18 potions of curing)

Annotations:
D:11 Fannar


Innate Abilities, Weirdness & Mutations

You have a pair of horns on your head.
You reflexively headbutt those who attack you in melee.


Message History

You kill the ice beast!
The ice beast disappears in a puff of smoke!
You barely miss the orc. You barely miss Fannar.
You hit the ice beast but do no damage. The orc barely misses you.
Some snowflakes condense on Fannar.
Fannar hits you but does no damage.
The boulder beetle bites you but does no damage.
You block the orc's attack.
You feel much better. You block the ice beast's attack.
The orc hits you but does no damage. You block the boulder beetle's attack.
Fannar glares icily.
You block Fannar's attack. You block the orc's attack.
You hit the boulder beetle but do no damage.
You headbutt the boulder beetle, but do no damage.
The boulder beetle is severely wounded.
You closely miss the ice beast. You hit the orc. You hit Fannar.
Your +4 hand axe "Keenn" {spect, rElec rF++ Int+4 Dex+3} hits the ice beast!
Your +4 hand axe "Keenn" {spect, rElec rF++ Int+4 Dex+3} closely misses the orc.
You block the ice beast's attack.
You hit the boulder beetle but do no damage.
The boulder beetle is severely wounded.
You hit Fannar. You hit the ice beast. You hit the orc but do no damage.
Your +4 hand axe "Keenn" {spect, rElec rF++ Int+4 Dex+3} hits Fannar.
Your +4 hand axe "Keenn" {spect, rElec rF++ Int+4 Dex+3} hits the boulder beetle but does no damage.
You block the orc's attack. x2; The boulder beetle bites you.
Fannar hits you with a +0 quarterstaff of freezing.
Fannar freezes you. The ice beast barely misses you.
You slash the boulder beetle!
The boulder beetle is severely wounded.
You completely miss the orc. You hit Fannar but do no damage.
You closely miss the orc. You hit the ice beast. The orc closely misses you.
The boulder beetle leaps!
You block Fannar's attack. You block the orc's attack. x2
You swap places.
The ice beast closely misses you. You furiously retaliate!
You headbutt the ice beast. You block the warg's attack.
The orc loudly yells encouragement to no one in particular.
The orc barely misses you. Fannar casts a spell at you.
The bolt of cold hits you!!
You die...

#.# .#
##.##.###.#
#...).....#
#.#######.#
#####.#
#.....#######.
#....p).......
#...oYoo......
#....ยง@oo..##
#.!..)eh...#
#....B##......
#.....# ......
#...... ......
#..$... .....
##..##. ....
#.. .. ....


You could see Fannar, a boulder beetle, a human, a warg, an ice beast
(summoned), an orc priest and 4 orcs.

Vanquished Creatures
  A vault guard (D:10)
  A two-headed ogre (D:11)
  Pikel (D:5)
  A komodo dragon (D:10)
  3 trolls
  2 shadows
  A steam dragon (D:8)
  2 wraiths
  6 vampire mosquitoes
  A warg (D:11)
  4 orc warriors
  The ghost of Lianjan the Poker, an amateur OgRe (D:3)
  A sky beast (D:7)
  An ice beast (D:8)
  2 black bears
  6 centaurs
  An ogre (D:6)
  3 phantoms
  2 kobold brigands
  3 bullfrogs
  5 necrophages
  8 scorpions
  2 gnoll sergeants
  13 wights
  11 killer bees
  A howler monkey (D:5)
  3 hounds
  7 orc priests
  6 jellies
  3 gnoll boudas
  2 iguanas (D:5)
  Terence (D:2)
  8 orc wizards
  A mummy (D:6)
  29 gnolls
  13 adders
  A shadow imp (D:8)
  A white imp (D:5)
  An ufetubus (D:6)
  A worm (D:3)
  The ghost of drugrobin the Sneak, a weakling DgDe (D:5)
  7 dart slugs
  31 orcs
  4 ball pythons
  5 endoplasms
  3 giant cockroaches
  8 goblins
  8 hobgoblins
  6 quokkas
  3 bats
  2 frilled lizards
  A hobgoblin zombie (D:6)
  13 kobolds
  2 kobold zombies (D:6)
  An orc zombie (D:6)
  8 rats
  A spectral orc (D:3)
264 creatures vanquished.

Vanquished Creatures (others)
  15 fungi
  15 plants
30 creatures vanquished.

Grand Total: 294 creatures vanquished

Notes
Turn   | Place    | Note
-------+----------+-------------------------------------------
     0 | D:1      | bmack86 the Minotaur Fighter began the quest for the Orb.
     0 | D:1      | Reached XP level 1. HP: 19/19 MP: 0/0
   300 | D:1      | Reached XP level 2. HP: 27/27 MP: 1/1
   865 | D:1      | Reached XP level 3. HP: 31/33 MP: 2/2
   961 | D:2      | Noticed Terence
   974 | D:2      | Killed Terence
   975 | D:2      | Reached XP level 4. HP: 28/41 MP: 3/3
  1060 | D:2      | Found Zoukuryu's Distillery.
  1152 | D:2      | Bought a potion of heal wounds for 55 gold pieces
  1381 | D:3      | Found a blossoming altar of Fedhas.
  1817 | D:3      | Reached XP level 5. HP: 35/47 MP: 4/4
  2012 | D:3      | Found a runed translucent door.
  2013 | D:3      | Noticed Lianjan's ghost (amateur OgRe)
  2239 | D:3      | Found a basalt altar of Yredelemnul.
  2546 | D:3      | Reached skill level 5 in Fighting
  2550 | D:3      | Killed Lianjan's ghost
  2551 | D:3      | Reached skill level 1 in Throwing
  2551 | D:3      | Reached XP level 6. HP: 53/56 MP: 5/5
  2761 | D:4      | Reached skill level 10 in Fighting
  2761 | D:4      | Reached XP level 7. HP: 73/73 MP: 6/6
  2772 | D:4      | Found a staircase to the Ecumenical Temple.
  2783 | Temple   | Entered the Ecumenical Temple
  2836 | D:4      | Reached skill level 10 in Axes
  3163 | D:5      | Entered Level 5 of the Dungeon
  3314 | D:5      | Noticed Pikel
  3321 | D:5      | Killed Pikel
  3322 | D:5      | Reached XP level 8. HP: 81/81 MP: 7/7
  3325 | D:5      | Found an iron altar of Okawaru.
  3328 | D:5      | Became a worshipper of Warmaster Okawaru
  3458 | D:5      | Noticed drugrobin's ghost (weakling DgDe)
  3463 | D:5      | Found a runed translucent gate.
  3463 | D:5      | Found a runed translucent gate.
  3465 | D:5      | Found a runed translucent gate.
  3482 | D:5      | Found a burning altar of Makhleb.
  3810 | D:5      | Found a shadowy altar of Dithmenos.
  4141 | D:6      | Reached * piety under Okawaru
  4227 | D:6      | Reached XP level 9. HP: 72/89 MP: 8/8
  4235 | D:6      | Identified the +4 hand axe "Keenn" {spect, rElec rF++ Int+4
                  | Dex+3}
  4305 | D:6      | Found a sparkling altar of Nemelex Xobeh.
  4424 | D:6      | Found a glowing silver altar of Zin.
  4581 | D:6      | Found a shimmering blue altar of Sif Muna.
  4782 | D:7      | Reached ** piety under Okawaru
  5328 | D:7      | Reached *** piety under Okawaru
  5523 | D:8      | Reached skill level 1 in Invocations
  5635 | D:8      | Reached XP level 10. HP: 91/97 MP: 9/9
  5860 | D:8      | Reached **** piety under Okawaru
  5941 | D:8      | Identified the +1 chain mail of Darkness {rElec rPois Str+4
                  | Int+4}
  5958 | D:8      | Found a glowing golden altar of the Shining One.
  6058 | D:8      | Found a white marble altar of Elyvilon.
  6228 | D:8      | Found a hide-covered altar of Uskayaw.
  6493 | D:5      | Killed drugrobin's ghost
  6693 | D:9      | Found an ornate altar of the Wu Jian Council.
  6756 | D:9      | Found Ikhean's Overcharged Wands.
  6762 | D:9      | Received a gift from Okawaru
  7275 | D:10     | Entered Level 10 of the Dungeon
  7333 | D:10     | Found a hazy altar of Hepliaklqana.
  7353 | D:10     | Found a sacrificial altar of Ru.
  7590 | D:10     | Found Bifiovu's Jewellery Shoppe.
  7627 | D:10     | Noticed a vault guard
  7636 | D:10     | Killed a vault guard
  7636 | D:10     | Reached ***** piety under Okawaru
  7661 | D:10     | Found a portal to a secret trove of treasure.
  7695 | D:10     | Found an opulent altar of Gozag.
  7740 | D:10     | Found a broken altar of Ashenzari.
  7750 | D:10     | Received a gift from Okawaru
  7751 | D:10     | Reached XP level 11. HP: 83/105 MP: 12/12
  8460 | D:11     | Found a staircase to the Lair.
  8594 | D:11     | Noticed a two-headed ogre
  8608 | D:11     | Killed a two-headed ogre
  8680 | D:11     | Noticed a boulder beetle
  8686 | D:11     | Noticed Fannar
  8694 | D:11     | Identified the +8 dagger of the Realm of Zot {freeze, Int+4
                  | Stlth+}
  8712 | D:11     | Killed from afar by Fannar

Illustrated notes

Levels and vault maps discovered:
D:1:      scummos_arrival_forest, layout_basic, fountainhead
D:2:      layout_rooms, serial_shops, nicolae_shop_stone, uniq_terence
D:3:      layout_loops_corners, yredelemnul_forgotten_temple_becter,
          fedhas_altar_3, ebering_ghost_sewer_d, minmay_bisected
D:4:      layout_cave_pools, minmay_temple_entry_mist
D:5:      layout_loops_ring, mainiacjoe_overflow_surrounded_room,
          old_standard_altar, kennysheep_mini_moat, gammafunk_ghost_split,
          uniq_pikel
D:6:      layout_cave_pools, mainiacjoe_overflow_six_doors_small,
          mainiacjoe_overflow_small_starburst, pf_just_have_faith,
          grunt_ministairs_13, minmay_mini_ossuary
D:7:      minmay_slanted_spiral_squares, layout_basic, lemuel_flamethrower_1
D:8:      layout_loops_ring, elyvilon_altar_3, mainiacjoe_overflow_catwalk,
          nicolae_tso_swordbearing_angel
D:9:      layout_loops_ring, mainiacjoe_overflow_chevrons,
          nicolae_shop_overcharged_wands
D:10:     layout_grid_maze, cheibrodos_ashenzari_chains,
          nicolae_gozag_seed_capital, mainiacjoe_overflow_large_starburst,
          serial_shops, nicolae_shop_hallway_stairs, enter_trove_5
D:11:     layout_loops_ring, grunt_lair_entry_orc_guard_hut, erik_orc_4,
          nicolae_nh_oracle_at_delphi, uniq_fannar
Temple:   hellmonk_temple_micro_hex

Skill      XL: |  1  2  3  4  5  6  7  8  9 10 11 |
---------------+----------------------------------+-----
Fighting       | 4 5 10 11 12 | 12.8
Axes           | 3 4 9 10 11 12 | 12.6
Armour         | 4 7 8 9 |  9.5
Shields        | 4 7 8 9 |  9.5
Throwing       | 1 2 3 4 |  4.5
Invocations    | 1 2 3 |  3.3

Action                   |  1- 3 |  4- 6 |  7- 9 | 10-12 || total
-------------------------+-------+-------+-------+-------++-------
Melee: War axe           |    61 |    72 |    94 |       ||   227
       Headbutt          |    10 |    12 |    44 |    49 ||   115
       Hand axe          |       |       |   124 |   179 ||   303
Invok: Heroism           |       |       |       |     2 ||     2
  Use: Scroll            |       |    10 |     7 |     4 ||    21
       Potion            |       |     1 |       |     2 ||     3
 Stab: Distracted        |       |       |       |     2 ||     2
Armor: Scale mail        |    19 |    26 |       |       ||    45
       Plate armour      |       |       |   108 |    76 ||   184
Dodge: Dodged            |    28 |    37 |    61 |    39 ||   165
Block: Buckler           |    31 |    47 |   117 |       ||   195
       Reflection        |       |     4 |     6 |     8 ||    18
       Kite shield       |       |       |    25 |   183 ||   208

Table legend: (Time is in decaauts)
 A = Elapsed time spent in this place.
 B = Non-inter-level travel time spent in this place.
 C = Inter-level travel time spent in this place.
 D = Time resting spent in this place.
 E = Time spent auto-exploring this place.
 F = Levels seen in this place.
 G = Mean time per level.
                   A        B        C        D        E       F      G
               +--------+--------+--------+--------+--------+-----+--------+
         Total |   8718 |   8243 |    475 |     47 |   5800 |  12 |  726.5 |
       Dungeon |   8711 |   8236 |    475 |     47 |   5800 |  11 |  791.9 |
        Temple |      6 |      6 |      0 |      0 |      0 |   1 |    6.0 |
               +--------+--------+--------+--------+--------+-----+--------+

Top non-repeatable levels by time:
     D:3: 1310 daAuts
    D:10: 1108 daAuts
     D:1: 964 daAuts
     D:8: 943 daAuts
     D:6: 850 daAuts
     D:5: 814 daAuts
     D:7: 793 daAuts
     D:9: 675 daAuts
     D:4: 534 daAuts
     D:2: 411 daAuts
    D:11: 304 daAuts
  Temple: 6 daAuts
